 Dungeon Crawl Stone Soup version 0.21.1-1-g345015f (webtiles) character file.

1325 KleinerIrrer the Cleaver (level 8, -6/63 HPs)
             Began as a Formicid Fighter on Apr 4, 2018.
             Mangled by an orc warrior
             ... wielding a +0 dire flail
              (14 damage)
             ... on level 6 of the Dungeon.
             The game lasted 00:04:01 (6983 turns).

KleinerIrrer the Cleaver (Formicid Fighter)         Turns: 6983, Time: 00:04:01

Health: -6/63      AC:  9    Str: 23    XL:     8   Next: 91%
Magic:  8/8        EV:  8    Int:  8    God:
Gold:   300        SH: 10    Dex: 10    Spells: 7/7 levels left

rFire    . . .     SeeInvis +   Y - +0 war axe
rCold    . . .     Gourm    .   c - +0 shield
rNeg     . . .     Faith    .   o - +0 chain mail
rPois    .         Spirit   .   (helmet unavailable)
rElec    .         Reflect  .   (no cloak)
rCorr    .         Harm     .   (no gloves)
MR       .....                  (no boots)
Stlth    ..........             (no amulet)
HPRegen  0.20/turn              (no ring)
MPRegen  0.11/turn              (no ring)

@: lethally poisoned (-6 -> -8)
A: permanent stasis, dig shafts and tunnels, four strong arms, antennae 3
a: Dig, Shaft Self


You were on level 6 of the Dungeon.
You were not hungry.

You visited 1 branch of the dungeon, and saw 6 of its levels.

You collected 300 gold pieces.


Innate Abilities, Weirdness & Mutations

You cannot be hasted, slowed, berserked, paralysed or teleported.
You can dig through walls and to a lower floor.
Your four strong arms can wield two-handed weapons with a shield.
You have a pair of large antennae on your head. (SInv)


   Skills:
 - Level 5.5 Fighting
 - Level 8.0 Axes
 - Level 3.2 Armour
 - Level 2.8 Dodging
 + Level 5.9 Shields


You had 7 spell levels left.
You didn't know any spells.

Inventory:

Hand Weapons
 l - a +0 morningstar
 Y - a +0 war axe (weapon)
Missiles
 a - 9 tomahawks (quivered)
Armour
 c - a +0 shield (worn)
 o - a +0 chain mail (worn)
Wands
 j - a wand of clouds (8)
Scrolls
 f - a scroll of identify
 h - 2 scrolls of remove curse
Potions
 b - a potion of cancellation
 d - a potion of might
 g - a potion of haste
 k - a potion of brilliance {unknown}
 m - a potion of heal wounds {unknown}
 n - 3 potions of curing
 q - a potion of resistance {unknown}
Comestibles
 e - 6 rations

Dungeon Overview and Level Annotations

Branches:
Dungeon (6/15)
 Temple: D:4-7

Altars:
Elyvilon
Kikubaaqudgha
Qazlal
Sif Muna

Shops:
D:5 }


Message History

You block the orc warrior's attack.
You closely miss the orc warrior.
The orc warrior is severely wounded.
You slash the orc wizard!
You kill the orc wizard!
You feel sick. The orc warrior barely misses you.
You feel sick.
You feel sick.
You feel sick.
You feel sick.
You feel sick.
You feel sick.
There is a stone staircase leading up here.
You hit the orc warrior but do no damage.
The orc warrior is severely wounded.
You block the orc warrior's attack.
You barely miss the orc warrior.
The orc warrior is severely wounded.
The orc warrior hits you with a dire flail!
You die...

.....)...#######.#
.....###....#....#
.##...#####.#.####
..........#.#.#
..#...###.#...# ..##.##
#.##.#### ..##.#
#.##.##.## ..##.#
##.##.#...######
#.##.###........@o....#
#.....:............##.#
#.##..............###.#
..######..###....## #.#
#.........# #.#.## #.#
#.######.## #.### #.#
#.# #.# ..# #.# #.# #.#
#.## #.# #.# #.# #.#


You could see an orc warrior.

Vanquished Creatures
  Sigmund (D:3)
  The ghost of PeterLawrence the Covered, an amateur MiFi (D:5)
  Purgy (D:3)
  An ogre (D:4)
  2 crimson imps
  3 orc priests
  2 jellies
  2 hounds
  5 orc wizards
  5 worker ants
  2 howler monkey zombies (D:4)
  2 worker ant zombies (D:4)
  6 gnolls
  7 adders
  A shadow imp (D:4)
  3 oozes (D:1)
  An adder skeleton (D:4)
  An adder zombie (D:4)
  4 worms
  2 dart slugs
  2 leopard geckos
  16 orcs
  7 bats
  10 giant cockroaches
  5 goblins
  7 hobgoblins
  7 jackals (D:1)
  3 quokkas
  A ball python zombie (D:4)
  6 frilled lizards
  A jackal zombie (D:4)
  7 kobolds
  A quokka zombie (D:4)
  6 rats
131 creatures vanquished.

Notes
Turn   | Place    | Note
-------+----------+-------------------------------------------
     0 | D:1      | KleinerIrrer the Formicid Fighter began the quest for the Orb.
     0 | D:1      | Reached XP level 1. HP: 18/18 MP: 1/1
     0 | D:1      | 0 ||| counter = 9
     0 | D:1      | Noticed a jelly
     1 | D:1      | Found a runed door.
   161 | D:1      | Reached XP level 2. HP: 20/24 MP: 2/2
   377 | D:1      | Reached skill level 3 in Axes
   451 | D:1      | Reached XP level 3. HP: 29/29 MP: 3/3
   723 | D:1      | 723 ||| UPGRADING to chain mail.
   733 | D:1      | 733 ||| DROPPING +0 scale mail.
   734 | D:1      | 734 ||| READING scroll labeled DAVIXILUPN.
   735 | D:1      | 735 ||| READING 2 scrolls labeled MIWOEMEOWA.
   737 | D:1      | 737 ||| READING scroll labeled ZELIEL GUOR.
   738 | D:1      | 738 ||| DROPPING scroll of magic mapping.
   972 | D:1      | Reached skill level 4 in Axes
   972 | D:1      | Reached XP level 4. HP: 30/35 MP: 4/4
  1322 | D:2      | Reached XP level 5. HP: 40/41 MP: 5/5
  1379 | D:2      | Reached skill level 5 in Axes
  1465 | D:2      | Found a white marble altar of Elyvilon.
  1841 | D:2      | 1841 ||| READING scroll labeled IDWORR KEUBLA.
  1842 | D:2      | 1842 ||| DRINKING 2 fizzy blue potions.
  1843 | D:2      | 1843 ||| DRINKING 2 yellow potions.
  1844 | D:2      | 1844 ||| DROPPING potion of berserk rage.
  2219 | D:3      | 2219 ||| UPGRADING to club.
  2220 | D:3      | 2220 ||| SWAPPING to +0 war axe.
  2285 | D:3      | Reached XP level 6. HP: 44/47 MP: 6/6
  2377 | D:3      | Found a faded altar of an unknown god.
  2378 | D:3      | Noticed Sigmund
  2378 | D:3      | Noticed Purgy
  2389 | D:3      | Killed Purgy
  2389 | D:3      | Reached skill level 6 in Axes
  2419 | D:3      | Killed Sigmund
  2419 | D:3      | Reached XP level 7. HP: 24/52 MP: 7/7
  2691 | D:3      | 2691 ||| UPGRADING to whip.
  2692 | D:3      | 2692 ||| SWAPPING to +0 war axe.
  2693 | D:3      | 2693 ||| DROPPING +0 club.
  3075 | D:3      | 3075 ||| READING scroll labeled EMORUL KUMA.
  3076 | D:3      | 3076 ||| READING scroll labeled TAT TAUXITHIGORY.
  3077 | D:3      | 3077 ||| READING 2 scrolls of identify.
  3077 | D:3      | 3077 ||| IDENTIFYING fuming coppery potion
  3107 | D:4      | 3107 ||| DRINKING 3 potions of curing.
  3107 | D:4      | 3107 ||| (to cure confusion)
  3264 | D:4      | 3264 ||| DROPPING +0 whip.
  3265 | D:4      | 3265 ||| UPGRADING to flail.
  3266 | D:4      | 3266 ||| SWAPPING to +0 war axe.
  3467 | D:4      | 3467 ||| STAIRDANCE
  3565 | D:3      | 3565 ||| DRINKING 2 fuming yellow potions.
  3566 | D:3      | 3566 ||| DROPPING potion of degeneration.
  3610 | D:4      | Reached skill level 7 in Axes
  3682 | D:4      | Reached XP level 8. HP: 51/60 MP: 8/8
  4792 | D:4      | 4792 ||| EATING 3 rations.
  4799 | D:4      | Found a deep blue altar of Sif Muna.
  4800 | D:4      | Found a stormy altar of Qazlal.
  5170 | D:4      | 5170 ||| STAIRDANCE
  5250 | D:3      | 5250 ||| READING 2 scrolls of identify.
  5250 | D:3      | 5250 ||| IDENTIFYING lumpy green potion
  5262 | D:4      | 5262 ||| STAIRDANCE
  5611 | D:5      | Entered Level 5 of the Dungeon
  5612 | D:5      | 5612 ||| STAIRDANCE
  5631 | D:5      | 5631 ||| STAIRDANCE
  5646 | D:5      | 5646 ||| STAIRDANCE
  5733 | D:5      | 5733 ||| STAIRDANCE
  5792 | D:5      | Reached skill level 8 in Axes
  5793 | D:5      | Noticed PeterLawrence's ghost (amateur MiFi)
  5805 | D:5      | 5805 ||| STAIRDANCE
  5843 | D:5      | 5843 ||| STAIRDANCE
  5968 | D:5      | 5968 ||| DROPPING +0 flail.
  5969 | D:5      | 5969 ||| UPGRADING to morningstar.
  5970 | D:5      | 5970 ||| SWAPPING to +0 war axe.
  6097 | D:5      | Found an ancient bone altar of Kikubaaqudgha.
  6127 | D:5      | HP: 12/61 [PeterLawrence's ghost (13)]
  6131 | D:5      | Killed PeterLawrence's ghost
  6407 | D:5      | 6407 ||| EATING 4 rations.
  6536 | D:5      | Found Qiown's Gadget Shoppe.
  6812 | D:5      | 6812 ||| REMOVING ring of flight.
  6813 | D:5      | 6813 ||| REMOVING ring of magical power.
  6814 | D:5      | 6814 ||| DROPPING ring of flight.
  6815 | D:5      | 6815 ||| DROPPING ring of magical power.
  6816 | D:5      | 6816 ||| READING 2 scrolls of identify.
  6816 | D:5      | 6816 ||| IDENTIFYING clear potion
  6817 | D:5      | 6817 ||| DROPPING potion of lignification.
  6965 | D:6      | HP: 12/63 [orc warrior/dire flail (16)]
  6970 | D:6      | HP: 9/63 [poisoned by an orc wizard]
  6977 | D:6      | HP: 7/63 [poisoned by an orc wizard]
  6983 | D:6      | Mangled by an orc warrior

Vault maps used:
D:1:      dpeg_arrival_caged_fury
D:2:      first_ration, elyvilon_altar_3
D:3:      chequers_ecumenical_altar_simple_redux, uniq_sigmund, uniq_purgy
D:4:      gammafunk_temple_overflow_statue, cheibrodos_sewer_entry_bend,
          serial_undead, serial_undead_f, serial_undead_f, serial_undead_f,
          serial_undead_f
D:5:      lemuel_coloured_pillars_altar, serial_shops, nicolae_shop_crystal
D:6:      lemuel_doored_altar, basic_altar, uniq_prince_ribbit1, uniq_duvessa

Skill      XL: |  1  2  3  4  5  6  7  8 |
---------------+-------------------------+-----
Axes           | 3 4 5 6 7 8 |  8.0
Shields        | 4 5 |  5.9
Dodging        | 2 |  2.8
Fighting       | 4 5 |  5.5
Armour         | |  3.2

Action                   |  1- 3 |  4- 6 |  7- 9 || total
-------------------------+-------+-------+-------++-------
Melee: War axe           |    91 |   194 |   272 ||   557
Throw: Tomahawk          |    16 |    32 |    52 ||   100
  Use: Scroll            |     3 |     1 |     5 ||     9
       Potion            |       |     2 |     2 ||     4
  Eat: Chunk             |       |     5 |     9 ||    14
       Ration            |       |       |     2 ||     2
Armor: Scale mail        |    12 |       |       ||    12
       Chain mail        |    36 |   106 |   106 ||   248
Dodge: Dodged            |    25 |    41 |    80 ||   146
Block: Shield            |    52 |   131 |   129 ||   312

Table legend:
 A = Spawn XP
 B = Non-spawn XP
 C = Spawn XP percentage of total XP
 D = Spawn monster count
 E = Non-spawn monster count
 F = Spawn count percentage of total count
 G = Total turns spent on level
                    A         B        C        D         E        F      G
               +---------+---------+-------+---------+---------+-------+---------
         Total |       0 |    1893 |   0.0 |       0 |     131 |   0.0 |  6983
               +---------+---------+-------+---------+---------+-------+---------
           D:1 |       0 |     127 |   0.0 |       0 |      36 |   0.0 |   969
           D:2 |       0 |      50 |   0.0 |       0 |      21 |   0.0 |   891
           D:3 |       0 |     493 |   0.0 |       0 |      21 |   0.0 |  1554
           D:4 |       0 |     693 |   0.0 |       0 |      37 |   0.0 |  2386
           D:5 |       0 |     443 |   0.0 |       0 |      12 |   0.0 |  1053
           D:6 |       0 |      87 |   0.0 |       0 |       4 |   0.0 |   130
               +---------+---------+-------+---------+---------+-------+---------
